 Dungeon Crawl Stone Soup version 0.30-a0-965-g42e074c17a (webtiles) character file.

Game seed: 12550508540263156562

214 IdlyInterested the Slasher (level 5, -3/38 HPs)
             Began as a Demonspawn Gladiator on Mar 30, 2023.
             Killed by divine providence
             ... invoked by an orc priest
              (13 damage)
             ... on level 3 of the Dungeon.
             The game lasted 00:06:39 (2151 turns).

IdlyInterested the Slasher (Demonspawn Gladiator)   Turns: 2151, Time: 00:06:39

Health: -3/38      AC:  6    Str: 15    XL:     5   Next: 60%
Magic:  6/6        EV: 17    Int:  9    God:
Gold:   129        SH:  0    Dex: 16    Spells: 4/4 levels left

rFire   . . .      SeeInvis .    a - +0 long sword (elec)
rCold   . . .      Faith    .    (no shield)
rNeg    . . .      Spirit   .    g - +0 ring mail
rPois   .          Reflect  .    c - +0 helmet
rElec   .          Rampage  .    (no cloak)
rCorr   .                        (no gloves)
Will    .....                    (no boots)
Stlth   +                        (no amulet)
HPRegen 0.26/turn                m - ring "Puanoe" {EV+5 Slay+3}
MPRegen 0.20/turn                (no ring)

@: no status effects
A: powered by pain 2, magic regeneration
a: no special abilities


You were on level 3 of the Dungeon.
You visited 1 branch of the dungeon, and saw 3 of its levels.

You collected 129 gold pieces.

Inventory:

Hand Weapons
 a - a +0 long sword of electrocution (weapon)
Missiles
 b - 4 boomerangs
 d - 3 throwing nets
 e - 7 javelins
 f - 28 stones
 i - 11 poisoned darts (quivered)
 l - 4 boomerangs of dispersal
Armour
 c - a +0 helmet (worn)
 g - a +0 ring mail (worn)
Jewellery
 m - the ring "Puanoe" (left hand) {EV+5 Slay+3}
   (You found it on level 3 of the Dungeon)

   [ring of evasion]

   EV:        It affects your evasion (+5).
   Slay:      It affects your accuracy & damage with ranged weapons and melee
   (+3).
Scrolls
 h - 2 scrolls of teleportation
Potions
 j - a potion of heal wounds {unknown}
 k - 2 potions of lignification
 n - a potion of flight {unknown}
 o - a potion of curing


   Skills:
 - Level 2.0 Fighting
 * Level 4.5 Long Blades
 - Level 1.7 Throwing
 - Level 1.0 Armour
 + Level 3.5 Dodging
 - Level 1.0 Stealth
 * Level 2.0 Invocations
 - Level 1.0 Evocations


You had 4 spell levels left.
You didn't know any spells.
Your spell library contained the following spells:

 Spells                   Type           Power      Damage    Failure   Level
 Kiss of Death            Conj/Necr      0%         2d5       63%         1
 Confusing Touch          Hex            0%         N/A       94%         3
 Dispel Undead            Necr           0%         3d6       100%        4


Dungeon Overview and Level Annotations

Branches:
Dungeon (3/15)

Altars:
Cheibriados


Innate Abilities, Weirdness & Mutations

You sometimes gain power by taking damage.
You regenerate magic rapidly.


Message History

An endoplasm comes into view.
A rat comes into view.
Found a mace.
Found a stone staircase leading down.
An orc comes into view. It is wielding a +0 club.
Found an escape hatch in the floor.
The endoplasm quivers.
The orc shouts!
You hear a shout!
An orc comes into view. It is wielding a +0 flail.
An orc comes into view.
It is wielding a +1 hand axe of electrocution.
An orc and an orc priest come into view.
The orc shouts!
The orc priest shouts!
The orc shouts!
The endoplasm freezes you.
You are frozen.
The rat closely misses you.
You hit the endoplasm.
The endoplasm is heavily wounded.
The rat misses you. The endoplasm closely misses you.
You hit the endoplasm.
Lightning courses through the endoplasm!!
You kill the endoplasm!
The rat closely misses you. The orc misses you.
The orc priest invokes the aid of Beogh against you.
Beogh smites you!
You slash the rat! Lightning courses through the rat!
You kill the rat!
The orc hits you but does no damage.
You are electrocuted!
The orc hits you with a +0 club.
You hit the orc.
The orc is lightly wounded.
The orc closely misses you. x2
A dart slug comes into view.
You barely miss the orc priest. The orc barely misses you.
The orc priest begins to cast a cantrip, but forgets the words!
The orc barely misses you. The orc hits you but does no damage.
The orc hits you with a +0 club.
* * * LOW HITPOINT WARNING * * *
The orc misses you. The orc barely misses you.
The orc priest calls down the wrath of Beogh upon you.
Beogh smites you!
You die...

#..............
#..###
#.........#####
######...#
#####..#..###.#
.......#<#
........### #.#
#.))#
######....###.#
#.#.#
##.......##########
#.#...#
##..###........>..
#.#####
##...#...oo......
#.#
###.....@o......
#.# ####..oo......
#.# #.........w #.#
#..<.)..... #.#
#>.........
#.....##### ###.#.#
#..)#


You could see an orc priest, a dart slug (wandering) and 4 orcs.

Vanquished Creatures
  A scorpion (D:3)
  An orc wizard (D:3)
  3 gnolls (D:2)
  4 adders
  A worm (D:3)
  A dart slug (D:1)
  4 orcs
  6 bats (D:1)
  7 endoplasms
  4 giant cockroaches
  2 goblins
  4 hobgoblins
  3 quokkas (D:3)
  4 ball pythons
  3 frilled lizards (D:1)
  5 kobolds
  4 rats
57 creatures vanquished.

Notes
Turn   | Place    | Note
-------+----------+-------------------------------------------
     0 | D:1      | IdlyInterested the Demonspawn Gladiator began the quest for
                  | the Orb.
     0 | D:1      | Reached XP level 1. HP: 16/16 MP: 1/1
    67 | D:1      | Reached skill level 1 in Armour
    73 | D:1      | Gained mutation: You sometimes gain a little power by
                  | taking damage. [demonic ancestry]
    73 | D:1      | Reached XP level 2. HP: 20/22 MP: 2/2
   192 | D:1      | Reached skill level 3 in Long Blades
   192 | D:1      | Reached skill level 1 in Evocations
   692 | D:1      | Reached skill level 1 in Stealth
   866 | D:1      | Gained mutation: You sometimes gain power by taking damage.
                  | [demonic ancestry]
   866 | D:1      | Reached XP level 3. HP: 27/27 MP: 3/3
  1165 | D:2      | Reached XP level 4. HP: 29/33 MP: 4/4
  1608 | D:3      | Reached skill level 4 in Long Blades
  1711 | D:3      | Found a snail-covered altar of Cheibriados.
  1746 | D:3      | Identified the ring "Puanoe" {EV+5 Slay+3}
  1935 | D:3      | Gained mutation: You regenerate magic rapidly. [demonic
                  | ancestry]
  1935 | D:3      | Reached XP level 5. HP: 38/38 MP: 5/5
  1980 | D:3      | Reached skill level 1 in Invocations
  2151 | D:3      | Killed from afar by an orc priest

Illustrated notes

Levels and vault maps discovered:
D:1:      minmay_arrival_jagged, layout_basic, minmay_nonomino_d4
D:2:      layout_rooms
D:3:      layout_rooms, mainiacjoe_overflow_tiny_flanked, general_overflow_altar

Skill      XL: |  1  2  3  4  5 |
---------------+----------------+-----
Armour         | 1 |  1.0
Long Blades    | 3 4 |  4.5
Evocations     | 1 |  1.0
Stealth        | 1 |  1.0
Dodging        | 3 |  3.5
Invocations    | 2 |  2.0
Fighting       | |  2.0
Throwing       | |  1.7

Action                     |  1- 3 |  4- 6 || total
---------------------------+-------+-------++-------
  Melee: Long sword        |    91 |    53 ||   144
         Punch             |     2 |     1 ||     3
  Throw: Stone             |     7 |       ||     7
         Javelin           |     1 |       ||     1
         Boomerang         |     1 |       ||     1
    Use: Scroll            |     4 |     2 ||     6
   Stab: Sleeping          |     1 |       ||     1
 Armour: Leather armour    |    30 |     6 ||    36
         Ring mail         |       |     6 ||     6
  Dodge: Dodged            |    65 |    48 ||   113

Table legend: (Time is in decaauts)
 A = Elapsed time spent in this place.
 B = Non-inter-level travel time spent in this place.
 C = Inter-level travel time spent in this place.
 D = Time resting spent in this place.
 E = Time spent auto-exploring this place.
 F = Levels seen in this place.
 G = Mean time per level.
                   A        B        C        D        E       F      G
               +--------+--------+--------+--------+--------+-----+--------+
         Total |   2185 |   1889 |    296 |    298 |   1006 |   3 |  728.3 |
       Dungeon |   2185 |   1889 |    296 |    298 |   1006 |   3 |  728.3 |
               +--------+--------+--------+--------+--------+-----+--------+

Top non-repeatable levels by time:
     D:1: 1066 daAuts
     D:2: 639 daAuts
     D:3: 479 daAuts
